 Dungeon Crawl Stone Soup version 0.32-a0-391-gce5c0aab1b (webtiles) character file.

Game seed: 16010206711009549269

1143 adelrune the Shooter (level 8, 0/60 HPs)
             Began as a Coglin Hexslinger on Feb 19, 2024.
             Killed from afar by a gnoll bouda (17 damage)
             ... with a bolt of dispelling energy
             ... on level 5 of the Dungeon.
             The game lasted 00:12:05 (3629 turns).

adelrune the Shooter (Coglin Hexslinger)            Turns: 3629, Time: 00:12:06

Health: 0/60       AC:  4    Str:  9    XL:     8   Next: 37%
Magic:  11/12      EV: 13    Int: 12    God:
Gold:   176        SH:  0    Dex: 19    Spells: 11/13 levels left

rFire   . . .        a - +1 sling {Bonhwa}
rCold   . . .        l - +0 sling {Ichio}
rNeg    . . .        k - +0 leather armour
rPois   .            (no helmet)
rElec   .            (no cloak)
rCorr   +            (no gloves)
SInv    .            s - +0 pair of boots
Will    .....        (no amulet)
Stlth   +            f - ring of resist corrosion
HPRegen 0.30/turn    (no ring)
MPRegen 0.13/turn

%: no passive effects
@: weakened, revved
A: off-hand wielding, slow wielding, warmup strikes, warmup strides
a: no special abilities


You were on level 5 of the Dungeon.
You visited 1 branch of the dungeon, and saw 5 of its levels.
You also visited: Ossuary.

You collected 194 gold pieces.
You spent 18 gold pieces at shops.

Inventory:

Hand Weapons
 a - a +1 sling (weapon) {Bonhwa}
 l - a +0 sling (worn) {Ichio}
Missiles
 n - a throwing net
Armour
 c - a +0 robe
 k - a +0 leather armour (worn)
 s - a +0 pair of boots (worn)
Jewellery
 f - a ring of resist corrosion (left grasper)
Scrolls
 b - a scroll of poison
 e - a scroll of teleportation {unknown}
 g - a scroll of summoning {unknown}
 j - a scroll of amnesia {unknown}
 m - 2 scrolls of fog {unknown}
 p - 3 scrolls of identify {unknown}
 u - a scroll of enchant armour {unknown}
Potions
 d - a potion of degeneration {unknown}
 h - 3 potions of mutation {unknown}
 i - 2 potions of haste {unknown}
 o - 2 potions of brilliance {unknown}
 q - 5 potions of curing {unknown}
 r - a potion of ambrosia {unknown}
 t - a potion of might {unknown}


   Skills:
 + Level 3.9 Fighting
 * Level 5.4 Ranged Weapons
 + Level 4.0 Dodging
 + Level 3.1 Spellcasting
 + Level 4.3 Hexes
 - Level 0.8 Fire Magic


You had 11 spell levels left.
You knew the following spells:

 Your Spells              Type           Power      Damage    Failure   Level
a - Jinxbite              Hex            24%        N/A       9%          2

Your spell library contained the following spells:

 Spells                   Type           Power      Damage    Failure   Level
 Sigil of Binding         Hex            12%        N/A       17%         3
 Freeze                   Ice            4%         1d3       34%         1
 Inner Flame              Hex/Fire       8%         N/A       34%         3
 Static Discharge         Conj/Air       2%         3-4/arc   45%         2
 Cause Fear               Hex            6%         N/A       50%         4
 Frozen Ramparts          Ice            2%         1d1       71%         3
 Hailstorm                Conj/Ice       1%         3d5       71%         3
 Dimensional Bullseye     Hex/Tloc       3%         N/A       80%         4
 Airstrike                Air            0%         2d(1-17)  98%         4
 Summon Lightning Spire   Summ/Air       1%         N/A       98%         4


Dungeon Overview and Level Annotations

Branches:
Dungeon (5/15)            Ossuary (visited)
 Temple: D:4-7

Altars:
Qazlal

Shops:
D:1 (   D:4 [


Innate Abilities, Weirdness & Mutations

You can wield a second weapon in your off-hand.
It takes a long time for you to wield or remove held weapons.
Your first few attacks do less damage.
Your first movements take longer.


Message History

You shoot a sling bullet. The sling bullet hits the gnoll.
You kill the gnoll!
You shoot a sling bullet.
The sling bullet closely misses the gnoll.
The sling bullet hits the gnoll.
The gnoll is lightly wounded.
You shoot a sling bullet. The sling bullet hits the gnoll.
The gnoll is moderately wounded.
You shoot a sling bullet.
The sling bullet barely misses the gnoll.
The sling bullet hits the gnoll!
The gnoll is severely wounded.
The gnoll misses you. The gnoll closely misses you.
Your magical contamination has completely faded away.
You shoot a sling bullet.
The sling bullet hits the gnoll but does no damage.
The gnoll is moderately wounded.
You shoot a sling bullet.
The sling bullet hits the gnoll but does no damage.
The gnoll is moderately wounded.
Your attacks no longer feel as feeble.
The gnoll hits you with a +0 whip.
* * * LOW HITPOINT WARNING * * *
You shoot a sling bullet. The sling bullet hits the gnoll!
The gnoll is severely wounded.
You shoot a sling bullet.
The sling bullet barely misses the gnoll.
The sling bullet hits the gnoll!
You kill the gnoll!
The gnoll misses you.
The gnoll bouda gazes fiercely through you!
You feel your attacks grow feeble. The gnoll hits you with a +0 whip.
* * * LOW HITPOINT WARNING * * *
The gnoll bouda zaps a wand.
The bolt of dispelling energy hits the gnoll!
The gnoll dies!
The bolt of dispelling energy hits you!
Your magical effects are unravelling.
You die...

##.#######.....#
#.##g#.#†.# #. #.#####
#.##.#.# .g #. #.#####.#
#..g.#.# # #+ #.......#
#..###.# # #.####### #..#
#>. .. #.### #.g#####.#
#.#.## #........#
###....##########.>..####.
+........@)gO...........'.
###....##########....####
#.#..####### #.#...#
#.##.)##...####.###.#
#.###...............# #.#
####....PP..P...# #.#
#..........P.# #.#
##.P.P...P....# #.
#.P..._...P...#


You could see an ogre and a gnoll bouda.

Vanquished Creatures
  Menkaure (D:4)
  A sky beast (D:4)
  A black bear (D:5)
  2 elf zombies (Ossuary)
  2 human zombies (Ossuary)
  A hound (D:5)
  An orc priest (D:5)
  A gnoll bouda (D:5)
  2 iguanas (D:4)
  2 orc wizards (D:5)
  4 spectral hounds (Ossuary)
  A scorpion simulacrum (Ossuary)
  A mummy (Ossuary)
  6 gnolls (D:5)
  8 adders
  A hound simulacrum (Ossuary)
  4 spectral adders (Ossuary)
  3 ribbon worms
  A spectral gnoll (Ossuary)
  A dart slug (D:2)
  7 orcs
  6 ball pythons
  5 endoplasms
  2 giant cockroaches (D:2)
  3 gnoll zombies (Ossuary)
  3 goblins
  4 hobgoblins (D:1)
  2 jackals (D:4)
  8 kobolds
  5 quokkas
  6 bats
  9 frilled lizards
  4 gnoll simulacra (Ossuary)
  5 jackal simulacra (Ossuary)
  7 kobold zombies (Ossuary)
  5 orc zombies (Ossuary)
  9 rats
  2 spectral jackals (Ossuary)
136 creatures vanquished.

Vanquished Creatures (others)
  A gnoll (D:5)
  An orc (D:5)
2 creatures vanquished.

Grand Total: 138 creatures vanquished

Notes
Turn   | Place    | Note
-------+----------+-------------------------------------------
     0 | D:1      | adelrune the Coglin Hexslinger began the quest for the Orb.
     0 | D:1      | Reached XP level 1. HP: 15/15 MP: 2/2
    92 | D:1      | Reached skill level 2 in Ranged Weapons
    99 | D:1      | Reached XP level 2. HP: 21/21 MP: 3/3
   108 | D:1      | Learned a level 2 spell: Jinxbite
   223 | D:1      | Reached XP level 3. HP: 26/26 MP: 4/4
   453 | D:1      | Found Cariab's Weapon Boutique.
   457 | D:1      | Bought a +0 sling for 18 gold pieces
   721 | D:2      | Reached XP level 4. HP: 32/32 MP: 6/6
  1354 | D:3      | Reached skill level 3 in Ranged Weapons
  1437 | D:3      | Reached XP level 5. HP: 38/38 MP: 7/7
  1991 | D:4      | Found Bytiskof's Armour Shop.
  2063 | D:4      | Reached XP level 6. HP: 24/45 MP: 7/9
  2064 | D:4      | Found a sand-covered staircase.
  2130 | Ossuary  | Entered an ossuary
  2373 | Ossuary  | Reached skill level 4 in Ranged Weapons
  2385 | Ossuary  | Reached XP level 7. HP: 19/51 MP: 10/10
  2426 | Ossuary  | HP: 2/52 [human zombie (5)]
  2888 | D:4      | Noticed Menkaure
  2892 | D:4      | Killed Menkaure
  3233 | D:5      | Entered Level 5 of the Dungeon
  3241 | D:5      | Reached XP level 8. HP: 58/58 MP: 10/12
  3249 | D:5      | Reached skill level 5 in Ranged Weapons
  3557 | D:5      | Found a stormy altar of Qazlal.
  3629 | D:5      | Killed from afar by a gnoll bouda

Illustrated notes

Levels and vault maps discovered:
D:1:      minmay_arrival_jagged, layout_loops_ring, serial_shops,
          nicolae_shop_trees, minmay_tall_x
D:2:      layout_loops_cross, minmay_misc_feat_square
D:3:      layout_basic
D:4:      layout_cave_pools, nicolae_ossuary_entry_false_entrances,
          moated_statue, nicolae_stop_n_shop_2, uniq_menkaure
D:5:      layout_loops_corners, mainiacjoe_overflow_cross_hatched

Skill      XL: |  1  2  3  4  5  6  7  8 |
---------------+-------------------------+-----
Ranged Weapons | 2 3 4 5 |  5.4
Dodging        | 2 3 4 |  4.0
Hexes          | 3 4 |  4.3
Fighting       | 2 3 |  3.9
Spellcasting   | 2 3 |  3.1
Fire Magic     | |  0.8

Action                     |  1- 3 |  4- 6 |  7- 9 || total
---------------------------+-------+-------+-------++-------
   Fire: Sling             |    89 |   362 |   312 ||   763
   Cast: Jinxbite          |       |     8 |    11 ||    19
 Armour: Robe              |     6 |       |       ||     6
         Leather armour    |     7 |    68 |    53 ||   128
  Dodge: Dodged            |    16 |    97 |    49 ||   162

Table legend: (Time is in decaauts)
 A = Elapsed time spent in this place.
 B = Non-inter-level travel time spent in this place.
 C = Inter-level travel time spent in this place.
 D = Time resting spent in this place.
 E = Time spent auto-exploring this place.
 F = Levels seen in this place.
 G = Mean time per level.
                   A        B        C        D        E       F      G
               +--------+--------+--------+--------+--------+-----+--------+
         Total |   3854 |   3805 |     49 |    562 |   2327 |   6 |  642.3 |
       Dungeon |   3150 |   3101 |     49 |    265 |   2240 |   5 |  630.0 |
       Ossuary |    703 |    703 |      0 |    297 |     87 |   1 |  703.0 |
               +--------+--------+--------+--------+--------+-----+--------+

Top non-repeatable levels by time:
     D:1: 731 daAuts
     D:4: 720 daAuts
 Ossuary: 703 daAuts
     D:3: 663 daAuts
     D:2: 619 daAuts
     D:5: 416 daAuts
